 Dungeon Crawl Stone Soup version 0.30.0-11-gf55b779eaf (webtiles) character file.

Game seed: 313939396930276005

359 Jackthecabe the Sneak (level 6, -7/35 HPs)
             Began as a Kobold Brigand on May 16, 2023.
             Killed by divine providence
             ... invoked by an orc priest
              (15 damage)
             ... on level 4 of the Dungeon.
             The game lasted 00:04:41 (3139 turns).

Jackthecabe the Sneak (Kobold Brigand)              Turns: 3139, Time: 00:04:42

Health: -7/35      AC:  6    Str:  8    XL:     6   Next: 98%
Magic:  6/6        EV: 12    Int: 13    God:
Gold:   97         SH:  0    Dex: 18    Spells: 5/5 levels left

rFire   . . .        a - +2 dagger
rCold   . . .        (no shield)
rNeg    . . .        u - +0 ring mail
rPois   .            (no helmet)
rElec   .            c - +0 cloak
rCorr   .            (no gloves)
SInv    .            (no boots)
Will    .....        (no amulet)
Stlth   ++++         (no ring)
HPRegen 0.25/turn    (no ring)
MPRegen 0.10/turn

%: no passive effects
@: no status effects
A: small, no large weapons, nightstalker 3
a: no special abilities


You were on level 4 of the Dungeon.
You visited 1 branch of the dungeon, and saw 4 of its levels.

You collected 97 gold pieces.


Innate Abilities, Weirdness & Mutations

You are small and have problems with some larger weapons.
You are completely attuned to the shadows.


   Skills:
 - Level 2.1 Fighting
 * Level 7.5 Short Blades
 - Level 2.1 Throwing
 - Level 1.2 Dodging
 + Level 7.6 Stealth


You had 5 spell levels left.
You didn't know any spells.
Your spell library was empty.

Inventory:

Hand Weapons
 a - a +2 dagger (weapon)
Missiles
 d - 4 poisoned darts (quivered)
 e - 3 curare-tipped darts {=f}
 j - 5 javelins
 y - 3 atropa-tipped darts
Armour
 b - a +0 robe
 c - a +0 cloak (worn)
 u - a +0 ring mail (worn)
Wands
 v - a wand of charming (12)
 w - a wand of flame (25)
Scrolls
 f - 4 scrolls of identify {unknown}
 n - a scroll of fog {unknown}
 p - a scroll of teleportation {unknown}
 r - a scroll of enchant weapon {unknown}
 s - a scroll of vulnerability {unknown}
 t - a scroll of blinking {unknown}
 x - a scroll of enchant armour {unknown}
 z - a scroll of noise {unknown}
Potions
 g - a potion of flight {unknown}
 h - a potion of brilliance {unknown}
 i - a potion of cancellation {unknown}
 k - a potion of resistance {unknown}
 l - a potion of curing {unknown}
 m - a potion of invisibility {unknown}
 o - 2 potions of magic {unknown}
 q - 3 potions of heal wounds {unknown}

Dungeon Overview and Level Annotations

Branches:
Dungeon (4/15)
 Temple: D:4-7

Altars:
Kikubaaqudgha

Annotations:
D:3 digging vault

#...#...#.##.#.#....
....#.#.#........###
.....#.#......#.###..
....#.###...##.# #.#
#.............#.###.#
........................#
#...........##.##.##..####
#...........##.##.##..##.#
.#....####@..##.# ..#...#.#
.....hooo.......# #.#.#.#.#
##..#.####..#...# #...#....
......).#...#...####.......
##..#.#.#..............>...
........#..####.##.........
##.##.#.# .....###.. #.
.#.# .....#.##. .....##.##


You could see an orc priest and 2 orcs.


Message History

You closely miss the orc. You barely miss the orc. The orc closely misses you.
You hit the orc.
The orc is heavily wounded.
You hit the orc.
The orc is severely wounded.
The orc looks more healthy.
The orc barely misses you.
The orc priest casts a cantrip, but nothing happens.
You throw a poisoned dart. The poisoned dart hits the orc.
The orc is severely wounded.
A black bear comes into view.
The orc hits you with a +0 flail.
You throw a poisoned dart.
The poisoned dart closely misses the orc.
The poisoned dart hits the orc.
The orc is poisoned.
The orc is lightly wounded.
The black bear growls angrily.
The orc priest calls down the wrath of Beogh upon you.
Beogh smites you!
* * * LOW HITPOINT WARNING * * *
The orc barely misses you.
You are too injured to fight recklessly!
You are too injured to fight recklessly!
Unknown command.
You are too injured to fight recklessly!
You barely miss the orc.
The orc is severely wounded.
The orc priest calls down the wrath of Beogh upon you.
Beogh smites you!
You die...

Skill      XL: |  1  2  3  4  5  6 |
---------------+-------------------+-----
Short Blades   | 3 4 5 6 7 |  7.5
Stealth        | 6 7 |  7.6
Fighting       | |  2.1
Throwing       | |  2.1
Dodging        | |  1.2

Action                     |  1- 3 |  4- 6 || total
---------------------------+-------+-------++-------
  Melee: Dagger            |    62 |   143 ||   205
  Throw: Dart              |       |     8 ||     8
   Stab: Sleeping          |    24 |    15 ||    39
 Armour: Robe              |     9 |       ||     9
         Ring mail         |       |    21 ||    21
  Dodge: Dodged            |    32 |    59 ||    91

Levels and vault maps discovered:
D:1:      dpeg_arrival_fog, layout_rooms, shapermc_ecumenical_altar_hornbeckon
D:2:      layout_basic
D:3:      cheibrodos_old_hovel, layout_loops_ring, mainiacjoe_overflow_alcove_2,
          ebering_ghost_sewer_d, minmay_surrounded, uniq_jessica
D:4:      layout_basic, vehumet_crystals, palyth_stone_intersect, minivault_24,
          minmay_cupped

Notes
Turn   | Place    | Note
-------+----------+-------------------------------------------
     0 | D:1      | Jackthecabe the Kobold Brigand began the quest for the Orb.
     0 | D:1      | Reached XP level 1. HP: 12/12 MP: 1/1
    95 | D:1      | Reached skill level 3 in Short Blades
   144 | D:1      | Reached XP level 2. HP: 17/17 MP: 2/2
   227 | D:1      | Reached XP level 3. HP: 21/21 MP: 3/3
   243 | D:1      | Reached skill level 4 in Short Blades
   536 | D:1      | Found a faded altar of an unknown god.
   971 | D:2      | Reached skill level 6 in Stealth
  1500 | D:3      | Reached XP level 4. HP: 26/26 MP: 4/4
  1559 | D:3      | Found a runed translucent door.
  1740 | D:3      | Noticed a scorpion
  1746 | D:3      | Killed a scorpion
  1747 | D:3      | Reached skill level 5 in Short Blades
  1747 | D:3      | Reached XP level 5. HP: 30/30 MP: 5/5
  2097 | D:3      | Noticed Jessica
  2100 | D:3      | Reached skill level 6 in Short Blades
  2101 | D:3      | Killed Jessica
  2115 | D:3      | Found an ancient bone altar of Kikubaaqudgha.
  2593 | D:3      | Noticed Spectrina's ghost (weakling HuMo)
  2599 | D:3      | Reached skill level 7 in Stealth
  2599 | D:3      | Reached XP level 6. HP: 35/35 MP: 6/6
  2630 | D:3      | Killed Spectrina's ghost
  2715 | D:4      | Reached skill level 7 in Short Blades
  3136 | D:4      | Noticed a black bear
  3139 | D:4      | Killed from afar by an orc priest

Vanquished Creatures
  A phantom (D:4)
  A scorpion (D:3)
  The ghost of Spectrina the Trooper, a weakling HuMo (D:3)
  Jessica (D:3)
  An iguana (D:4)
  5 adders
  2 worms
  2 dart slugs (D:1)
  4 orcs
  7 bats
  7 endoplasms
  3 giant cockroaches
  2 hobgoblins
  9 jackals
  6 kobolds
  2 quokkas (D:1)
  6 ball pythons
  3 frilled lizards (D:3)
  5 goblins
  10 rats
78 creatures vanquished.

Table legend: (Time is in decaauts)
 A = Elapsed time spent in this place.
 B = Non-inter-level travel time spent in this place.
 C = Inter-level travel time spent in this place.
 D = Time resting spent in this place.
 E = Time spent auto-exploring this place.
 F = Levels seen in this place.
 G = Mean time per level.
                   A        B        C        D        E       F      G
               +--------+--------+--------+--------+--------+-----+--------+
         Total |   3091 |   2987 |    104 |    155 |   2360 |   4 |  772.8 |
       Dungeon |   3091 |   2987 |    104 |    155 |   2360 |   4 |  772.8 |
               +--------+--------+--------+--------+--------+-----+--------+

Top non-repeatable levels by time:
     D:3: 1178 daAuts
     D:2: 917 daAuts
     D:1: 572 daAuts
     D:4: 424 daAuts

Table legend:
 A = Non-vault XP
 B = Vault XP
 C = Vault XP percentage of total XP
 D = Non-vault monster count
 E = Vault monster count
 F = Vault count percentage of total count
                 A         B        C        D         E       F
            +---------+---------+-------+---------+---------+-------
      Total |     380 |     134 |  26.1 |      68 |      10 |  12.8
            +---------+---------+-------+---------+---------+-------
        D:1 |      44 |       0 |   0.0 |      25 |       0 |   0.0
        D:2 |      24 |       0 |   0.0 |      12 |       0 |   0.0
        D:3 |     140 |     132 |  48.5 |      21 |       9 |  30.0
        D:4 |     172 |       2 |   1.1 |      10 |       1 |   9.1
            +---------+---------+-------+---------+---------+-------
